AoeStats
← arec

Arabian Desert

510490150Analyzed
1v1 RM · 23h ago on Oct 1, 2026· 40m 15s· 2 players
Game mode
Random Map
Map size
Tiny (2 player)
Population
200
Speed
Normal
Resources
Standard
Victory
Conquest
Starting age
Dark Age
Ending age
Imperial Age
RankedLock teamsTeams togetherTeam positionsShared explorationLock speedFull tech treeHidden civsTurbo modeCheats
Victory
Defeat
🇲🇽 Hindustanis · Mexico
1287
+17
🇬🇧 Inca · United Kingdom
1305
-17
Ricky
7:08 Loom
9:45 Feudal Age
11:26 Double-Bit Axe
16:45 Fletching
21:17 Castle Age
19:19 Gold Mining
19:51 Padded Archer Armor
19:55 Horse Collar
20:43 Scale Barding Armor
21:50 Forging
21:57 Bodkin Arrow
21:30 Crossbowman
22:20 Light Cavalry
23:10 Bloodlines
23:30 Elite Skirmisher
24:34 Husbandry
24:45 Bloodlines
23:55 Light Cavalry
25:32 Bow Saw
26:18 Chain Barding Armor
28:57 Wheelbarrow
31:27 Forging
37:27 Hand Cart
38:30 Iron Casting
38:11 Leather Archer Armor
39:13 Thumb Ring
42:42 Imperial Age
arec
7:03 Loom
9:25 Feudal Age
10:43 Double-Bit Axe
18:12 Fletching
19:28 Padded Archer Armor
19:13 Horse Collar
21:50 Castle Age
21:30 Gold Mining
21:53 Crossbowman
22:30 Bodkin Arrow
21:58 Elite Skirmisher
25:08 Town Watch
28:39 Bow Saw
31:36 Imperial Age
31:44 Scale Mail Armor
32:34 Bracer
35:14 Ballistics
38:22 Chain Mail Armor
38:23 Leather Archer Armor
Connection lost

Rejoining the realm…

Still unreachable

The connection could not be restored.

Session expired

The server has moved on; the page needs a fresh start.